 Dungeon Crawl Stone Soup version 0.30.1-4-g462c640d31 (webtiles) character file.

Game seed: 10959132495330560372

98 Zeor the Slasher (level 4, -18/40 HPs)
             Began as a Draconian Monk on Sept 5, 2023.
             Killed from afar by a goblin (24 damage)
             ... with a bolt of acid
             ... on level 3 of the Dungeon.
             The game lasted 00:05:23 (1829 turns).

Zeor the Slasher (Draconian Monk)                   Turns: 1829, Time: 00:05:23

Health: -18/40     AC:  2    Str: 13    XL:     4   Next: 44%
Magic:  4/4        EV: 13    Int: 11    God:
Gold:   171        SH:  0    Dex: 15    Spells: 3/3 levels left

rFire   . . .        a - +1 falchion
rCold   . . .        c - orb {light}
rNeg    . . .        (body armour unavailable)
rPois   .            (helmet restricted)
rElec   .            e - +0 cloak
rCorr   .            (no gloves)
SInv    .            (no boots)
Will    .....        (no amulet)
Stlth   +            (no ring)
HPRegen 0.26/turn    (no ring)
MPRegen 0.09/turn

%: no passive effects
@: corroded, glowing
A: AC +5, unfitting armour, cold-blooded
a: no special abilities


You were on level 3 of the Dungeon.
You visited 1 branch of the dungeon, and saw 3 of its levels.

You collected 171 gold pieces.

Inventory:

Hand Weapons
 a - a +1 falchion (weapon)
Armour
 c - an orb of light (worn)
 e - a +0 cloak (worn)
Scrolls
 f - a scroll of identify
Potions
 b - a potion of ambrosia
 d - a potion of attraction
 g - a potion of curing
 h - a potion of resistance


   Skills:
 + Level 4.2 Fighting
 * Level 4.4 Long Blades
 + Level 3.0 Dodging
 + Level 0.1 Stealth


You had 3 spell levels left.
You didn't know any spells.
Your spell library contained the following spells:

 Spells                   Type           Power      Damage    Failure   Level
 Stone Arrow              Conj/Erth      0%         3d7       71%         3
 Lehudib's Crystal Spear  Conj/Erth      0%         10d2      100%        8
 Animate Armour           Summ/Erth      Unusable   N/A       N/A         4

Dungeon Overview and Level Annotations

Branches:
Dungeon (3/15)

Altars:
Vehumet

Shops:
D:2 :


Innate Abilities, Weirdness & Mutations

Your plain brown scales are hard. (AC +5)
You cannot fit into any form of body armour.
You are cold-blooded and may be slowed by cold attacks.


Message History

Okay, then.
A goblin comes into view. It is wielding a +0 dagger.
The orc barely misses you.
Items here: ( ) ††.
You hit the orc.
You kill the orc!
The orc hits you with a +0 mace.
You slash the orc!
You kill the orc!
A goblin comes into view.
It is wielding a +0 club and carrying a wand of acid (8).
The orc barely misses you.
The goblin shouts!
You hit the orc.
The orc is heavily wounded.
The orc barely misses you. The orc closely misses you. The orc misses you.
The orc hits you with a +0 mace.
You barely miss the orc.
You tail-slap the orc, but do no damage.
The orc is heavily wounded.
The orc barely misses you. The orc hits you with a +0 mace.
You hit the orc.
You kill the orc!
The goblin zaps a wand.
The bolt of acid hits the goblin!
The acid corrodes the goblin!
The goblin dies!
The bolt of acid misses you. The orc hits you with a +0 mace.
You hit the orc.
The orc is severely wounded.
The orc hits you with a +0 mace.
You are too injured to fight recklessly!
You are too injured to fight recklessly!
You are too injured to fight recklessly!
You hit the orc.
You kill the orc!
The goblin zaps a wand.
The bolt of acid hits you!
* * * LOW HITPOINT WARNING * * *
The acid corrodes you!
The goblin zaps a wand.
The bolt of acid hits you!!
Ouch! That really hurt!
You die... ∙▒▒▒▒▒▒▒▒▒ ∙∙∙∙∙∙∙∙∙▒ ∙▒▒▒∙ ∙∙∙∙∙∙∙∙∙▒▒ ▒▒∙▒∙' ∙ ∙∙∙∙∙∙∙∙∙'

▒∙∙∙∙▒∙∙ ∙∙∙∙∙g∙∙∙▒
▒∙∙∙∙▒∙∙ ∙∙∙∙∙∙∙∙∙▒
▒∙∙∙∙'▒▒ ∙∙∙∙∙∙∙d∙▒▒▒▒▒
▒∙∙∙∙▒∙∙
∙∙∙∙∙∙∙))∙∙∙∙▒▒▒▒∙∙∙∙▒∙∙


∙∙∙∙∙∙∙)∙∙∙∙∙∙∙∙∙∙>∙∙'∙∙ ▒▒▒▒▒▒▒▒▒∙∙∙∙▒▒▒▒∙∙∙∙▒∙∙ ▒∙∙∙∙▒ ▒∙∙∙∙▒∙∙ ▒∙∙∙∙▒
▒∙∙∙∙▒▒▒ ▒∙∙∙∙▒ ▒∙∙∙∙∙∙∙ ▒∙∙∙∙▒ ▒▒▒▒▒▒▒▒ ▒∙∙∙∙▒ You could see a goblin.

Vanquished Creatures
  3 adders (D:2)
  An ufetubus (D:3)
  2 worms (D:2)
  A dart slug (D:2)
  5 orcs (D:3)
  7 ball pythons
  5 endoplasms
  3 giant cockroaches
  5 goblins
  3 hobgoblins
  2 kobolds
  3 quokkas
  4 bats
  3 frilled lizards
  6 rats
53 creatures vanquished.

Vanquished Creatures (others)
  A goblin (D:3)
1 creature vanquished.

Grand Total: 54 creatures vanquished

Notes
Turn   | Place    | Note
-------+----------+-------------------------------------------
     0 | D:1      | Zeor the Draconian Monk began the quest for the Orb.
     0 | D:1      | Reached XP level 1. HP: 19/19 MP: 1/1
   147 | D:1      | Found a faded altar of an unknown god.
   154 | D:1      | Reached XP level 2. HP: 24/26 MP: 2/2
   632 | D:2      | Reached XP level 3. HP: 33/33 MP: 3/3
   673 | D:2      | Found Gocam's Vocational Training.
  1266 | D:2      | Reached XP level 4. HP: 36/40 MP: 4/4
  1760 | D:3      | Found a radiant altar of Vehumet.
  1829 | D:3      | Killed from afar by a goblin

Illustrated notes

Levels and vault maps discovered:
D:1:      heliophobic_arrival_battle_scene, layout_rooms,
          ebering_ecumenical_altar_abandoned, minmay_hexomino_u4
D:2:      layout_loops_ring, nicolae_shop_vocational
D:3:      layout_basic, mainiacjoe_overflow_24_doors, corner_web_ring

Skill      XL: |  1  2  3 |
---------------+----------+-----
Dodging        | 3 |  3.0
Fighting       | 4 |  4.2
Long Blades    | 4 |  4.4
Stealth        | |  0.1

Action                     |  1- 3 |  4- 6 || total
---------------------------+-------+-------++-------
  Melee: Falchion          |   102 |    30 ||   132
         Tailslap          |    17 |     6 ||    23
    Use: Scroll            |     7 |     1 ||     8
 Armour: Skin              |    35 |     9 ||    44
  Dodge: Dodged            |    65 |    24 ||    89
